 Dungeon Crawl Stone Soup version 0.29.0-4-gdea44cf6ec (webtiles) character file.

Game seed: 8914391796342741730

23 qw the Caller (level 2, -1/23 HPs)
             Began as a Ghoul Summoner on Sept 10, 2022.
             Slain by a gnoll
             ... wielding a +0 whip
              (7 damage)
             ... on level 2 of the Dungeon.
             The game lasted 00:00:18 (907 turns).

qw the Caller (Ghoul Summoner)                       Turns: 907, Time: 00:00:19

Health: -1/23      AC:  2    Str: 11    XL:     2   Next: 95%
Magic:  0/3        EV: 12    Int: 10    God:
Gold:   0          SH:  0    Dex:  9    Spells: 3/4 levels left

rFire   . . .      SeeInvis .   g - +0 hand axe
rCold   + . .      Faith    .   (no shield)
rNeg    + + +      Spirit   .   a - +0 robe
rPois   inf        Reflect  .   (no helmet)
rElec   .          Harm     .   (no cloak)
rCorr   .          Rampage  .   (no gloves)
Will    .....                   (no boots)
Stlth   ++........              (no amulet)
HPRegen 0.00/turn               (no ring)
MPRegen 0.08/turn               (no ring)

@: inhibited regen
A: claws 1, cold resistance 1, negative energy resistance 3, inhibited
regeneration, torment resistance 2, devour on kill
a: no special abilities


You were on level 2 of the Dungeon.
You visited 1 branch of the dungeon, and saw 2 of its levels.


Innate Abilities, Weirdness & Mutations

You are immune to poison.
You have sharp fingernails.
Your flesh is cold resistant. (rC+)
You are immune to negative energy. (rN+++)
You do not regenerate when monsters are visible.
You are immune to unholy pain and torment.
You thrive by killing the living.


   Skills:
 - Level 1.0 Fighting
 + Level 1.9 Axes
 - Level 1.7 Dodging
 - Level 2.1 Stealth
 - Level 1.7 Spellcasting
 - Level 3.6 Summonings


You had 3 spell levels left.
You knew the following spells:

 Your Spells              Type           Power      Damage    Failure   Level
a - Summon Small Mammal   Summ           32%        N/A       8%          1

Your spell library contained the following spells:

 Spells                   Type           Power      Damage    Failure   Level
 Call Imp                 Summ           8%         N/A       11%         2
 Call Canine Familiar     Summ           8%         N/A       22%         3
 Summon Guardian Golem    Hex/Summ       4%         N/A       43%         3
 Summon Lightning Spire   Summ/Air       4%         N/A       83%         4

Inventory:

Hand Weapons
 g - a +0 hand axe (weapon)
 i - a +0 whip
Armour
 a - a +0 robe (worn)
 c - a +0 pair of boots
 e - a +0 leather armour
Potions
 b - a potion of magic
 d - a potion of curing {unknown}
 f - a potion of degeneration {unknown}
 h - 2 potions of brilliance {unknown}

Dungeon Overview and Level Annotations

Branches:
Dungeon (2/15)

Altars:


Message History

902 ||| CASTING Summon Small Mammal
Casting: Summon Small Mammal (safe; 8% risk of failure)
Confirm with . or Enter, or press ? or * to list all spells.
Your bat hits the gnoll. The gnoll misses your bat. x2
You swap places.
Your bat hits the gnoll but does no damage.
The gnoll hits you with a +0 whip. The gnoll closely misses you.
Your bat barely misses the gnoll.
Things that are here:
a +0 club; a gnoll corpse You hit the gnoll but do no damage.
The gnoll is lightly wounded.
You closely miss the gnoll.
Your bat hits the gnoll. x2; Your bat barely misses the gnoll. x2
The gnoll hits you but does no damage. The gnoll misses you.
The gnoll closely misses you.
You hit the gnoll.
The gnoll is heavily wounded.
You hit the gnoll but do no damage.
Your bat hits the gnoll but does no damage.
Your bat hits the gnoll.
Your bat barely misses the gnoll.
Your bat hits the gnoll but does no damage.
The gnoll hits you with a +0 whip. The gnoll barely misses you.
The gnoll closely misses you.
Your bat hits the gnoll.
Your bat hits the gnoll but does no damage.
You hit the gnoll.
The gnoll is severely wounded.
You closely miss the gnoll.
Your bat hits the gnoll but does no damage.
Your bat barely misses the gnoll.
Your bat hits the gnoll. The gnoll hits you with a +0 whip.
The gnoll barely misses you. The gnoll closely misses you.
Your bat hits the gnoll. You hit the gnoll but do no damage.
The gnoll is almost dead.
You hit the gnoll but do no damage.
Your bat completely misses the gnoll.
Your bat hits the gnoll.
Your bat hits the gnoll but does no damage.
Your bat barely misses the gnoll. x2; The gnoll hits you with a +0 whip.
The gnoll hits you with a +0 whip!
You die...

...g......#...
.............
...........
......... .
......# ..
.....#
...#######g.##
........b@.g.#
.........g.b.#
.............#
.............#
.............#
....#######.....
.... ..... .>.
...... ......


You could see 3 gnolls and 2 friendly bats.

Vanquished Creatures
  A bat (D:1)
  A hobgoblin (D:1)
  A jackal (D:1)
  A rat (D:2)
4 creatures vanquished.

Vanquished Creatures (collateral kills)
  A gnoll (D:2)
  2 goblins (D:1)
  2 jackals (D:1)
  A ball python (D:1)
  3 frilled lizards (D:1)
  A rat (D:1)
10 creatures vanquished.

Grand Total: 14 creatures vanquished

Notes
Turn   | Place    | Note
-------+----------+-------------------------------------------
     0 | D:1      | qw the Ghoul Summoner began the quest for the Orb.
     0 | D:1      | Reached XP level 1. HP: 14/14 MP: 2/2
     0 | D:1      | 0 ||| qw: Version: 0.1-a-116-g5d60599
     0 | D:1      | 0 ||| qw: Game counter: 7567
     0 | D:1      | 0 ||| qw: Always use a shield: true
     0 | D:1      | 0 ||| qw: God list: Okawaru
     0 | D:1      | 0 ||| qw: Allow faded altars: false
     0 | D:1      | 0 ||| qw: Do Orc after D:15 true
     0 | D:1      | 0 ||| qw: Do second Lair branch before Depths: true
     0 | D:1      | 0 ||| qw: Lair rune preference: random
     0 | D:1      | 0 ||| qw: Plans: Normal
     0 | D:1      | 0 ||| PLANNING D:1-11
    20 | D:1      | 20 ||| CASTING Summon Small Mammal
    21 | D:1      | 21 ||| CASTING Summon Small Mammal
    47 | D:1      | 47 ||| Wielding weapon +0 club.
    60 | D:1      | 60 ||| CASTING Summon Small Mammal
    61 | D:1      | 61 ||| CASTING Summon Small Mammal
    92 | D:1      | 92 ||| CASTING Summon Small Mammal
    93 | D:1      | 93 ||| CASTING Summon Small Mammal
   154 | D:1      | 154 ||| CASTING Summon Small Mammal
   155 | D:1      | 155 ||| CASTING Summon Small Mammal
   167 | D:1      | 167 ||| CASTING Summon Small Mammal
   196 | D:1      | 196 ||| CASTING Summon Small Mammal
   197 | D:1      | 197 ||| CASTING Summon Small Mammal
   204 | D:1      | Reached skill level 1 in Axes
   223 | D:1      | 223 ||| SWAPPING to +0 hand axe.
   239 | D:1      | 239 ||| CASTING Summon Small Mammal
   240 | D:1      | 240 ||| CASTING Summon Small Mammal
   257 | D:1      | Reached skill level 1 in Fighting
   257 | D:1      | Reached XP level 2. HP: 10/23 MP: 1/3
   439 | D:1      | 439 ||| CASTING Summon Small Mammal
   694 | D:1      | 694 ||| DROPPING +0 club.
   755 | D:1      | 755 ||| CASTING Summon Small Mammal
   757 | D:1      | 757 ||| CASTING Summon Small Mammal
   758 | D:1      | 758 ||| CASTING Summon Small Mammal
   766 | D:1      | 766 ||| CASTING Summon Small Mammal
   813 | D:1      | 813 ||| CASTING Summon Small Mammal
   814 | D:1      | 814 ||| CASTING Summon Small Mammal
   815 | D:1      | 815 ||| CASTING Summon Small Mammal
   887 | D:1      | You fall into a shaft and drop 1 floor!
   891 | D:2      | 891 ||| CASTING Summon Small Mammal
   892 | D:2      | 892 ||| CASTING Summon Small Mammal
   893 | D:2      | 893 ||| Stepping ~*~*~tactically~*~*~ (hiding).
   894 | D:2      | 894 ||| Stepping ~*~*~tactically~*~*~ (hiding).
   896 | D:2      | 896 ||| CASTING Summon Small Mammal
   902 | D:2      | 902 ||| CASTING Summon Small Mammal
   907 | D:2      | Slain by a gnoll

Levels and vault maps discovered:
D:1:      erik_arrival_triangle_small, layout_basic, lemuel_old_faithful
D:2:      layout_basic, hellmonk_ecumenical_altar_leap_of_faith

Skill      XL: |  1 |
---------------+----+-----
Axes           | 1 |  1.9
Fighting       | 1 |  1.0
Dodging        | |  1.7
Stealth        | |  2.1
Spellcasting   | |  1.7
Summonings     | |  3.6

Action                   || total
-------------------------++-------
Melee: Hand axe          ||    37
       Club              ||     3
       Unarmed           ||     1
 Cast: Summon Small Mamm ||    24
Armor: Robe              ||    15
Dodge: Dodged            ||    37

Table legend:
 A = Non-vault XP
 B = Vault XP
 C = Vault XP percentage of total XP
 D = Non-vault monster count
 E = Vault monster count
 F = Vault count percentage of total count
                 A         B        C        D         E       F
            +---------+---------+-------+---------+---------+-------
      Total |      33 |       0 |   0.0 |      14 |       0 |   0.0
            +---------+---------+-------+---------+---------+-------
        D:1 |      18 |       0 |   0.0 |      12 |       0 |   0.0
        D:2 |      15 |       0 |   0.0 |       2 |       0 |   0.0
            +---------+---------+-------+---------+---------+-------
